 Dungeon Crawl Stone Soup version 0.20-a0-11-ga97c7b5 (webtiles) character file.

190 JustSomeDude the Shield-Bearer (level 5, -5/41 HPs)
             Began as a Demonspawn Fighter on Nov 2, 2016.
             Was a Follower of Okawaru.
             Killed by divine providence
             ... invoked by an orc priest
              (8 damage)
             ... on level 4 of the Dungeon.
             The game lasted 00:04:33 (2293 turns).

JustSomeDude the Shield-Bearer (Demonspawn Fighter) Turns: 2293, Time: 00:04:35

Health: -5/41      AC:  8    Str: 17    XL:     5   Next: 41%
Magic:  0/5        EV:  7    Int:  9    God:    Okawaru [*.....]
Gold:   154        SH:  9    Dex: 13    Spells: 0 memorised, 4 levels left

rFire  . . .     SeeInvis .     a - +0 trident
rCold  . . .     Gourm    .     b - +0 scale mail
rNeg   . . .     Faith    .     c - +0 shield
rPois  .         Spirit   +     (helmet restricted)
rElec  .         Reflect  .     (no cloak)
rCorr  .         Harm     .     h - +0 pair of gloves
MR     .....                    (no boots)
Stlth  ..........               (no amulet)
                                (no ring)
                                (no ring)

@: no status effects
A: horns 2, magic shield, magic regeneration
a: Heroism, Renounce Religion


You were on level 4 of the Dungeon.
You worshipped Okawaru.
Okawaru was aware of your devotion.
You were not hungry.

You visited 1 branch of the dungeon, and saw 4 of its levels.

You collected 154 gold pieces.

Inventory:

Hand Weapons
 a - a +0 trident (weapon)
Armour
 b - a +0 scale mail (worn)
 c - a +0 shield (worn)
 h - a +0 pair of gloves (worn)
Wands
 p - a wand of random effects (16/48)
Scrolls
 e - 2 scrolls of remove curse
 k - 2 scrolls of identify
 m - a scroll of noise {unknown}
 q - a scroll of magic mapping {unknown}
 s - a scroll of enchant weapon {unknown}
 t - a scroll of amnesia {unknown}
 v - a scroll of random uselessness {unknown}
Potions
 d - 3 potions of might
 i - a potion of magic
 l - a potion of curing {unknown}
 n - a potion of mutation {unknown}
 o - a potion of degeneration {unknown}
 u - a potion of ambrosia {unknown}
Comestibles
 f - 2 bread rations
 g - 6 chunks of flesh
 j - 5 fruits
 r - a slice of pizza
 w - a beef jerky


   Skills:
 + Level 3.3 Fighting
 + Level 2.9 Polearms
 + Level 3.5 Armour
 + Level 1.3 Dodging
 + Level 3.9 Shields


You had 4 spell levels left.
You didn't know any spells.

Dungeon Overview and Level Annotations

Branches:
Dungeon (4/15)
 Temple: D:4-7

Altars:
Okawaru


Innate Abilities, Weirdness & Mutations

You have a pair of horns on your head.
When hurt, damage is shared between your health and your magic reserves.
You regenerate magic rapidly.


Message History

Pain shoots through your body!
Attack whom?
Press: ? - help, Dir - move target cursor, f - orc priest
Aim: an orc priest, wielding a flail and wearing a chain mail You reach to attack!
You hit the orc priest but do no damage.
You hit the orc priest.
The orc priest is moderately wounded.
The orc priest hits you but does no damage.
You barely miss the orc priest.
The orc priest is moderately wounded.
The orc priest mumbles some strange prayers to Beogh against you.
Pain shoots through your body!
* * * LOW HITPOINT WARNING * * *
You are too injured to fight recklessly!
You are too injured to fight recklessly!
It was a potion of magic.
Magic courses through your body.
The orc priest mumbles some strange prayers to Beogh against you.
Beogh smites you!
You die...

.#. ###.. ...# #..#
#..# .### #..#
..#+#.(.. #..########+#
........#.#....@oooo...
#
#......#.#.########..#
# #......#.#.#
###........#.#
'..........#.########
##.......#.#.#....).#
##...)..)....#.####.#
##..<[.....#'#'## #.#
##..#####.......# #.#


You could see an orc priest and 3 orcs.

Vanquished Creatures
  Terence (D:2)
  8 adders
  4 worms
  A dart slug (D:2)
  3 leopard geckos
  6 orcs (D:4)
  A ball python (D:3)
  8 giant cockroaches
  8 goblins
  7 hobgoblins
  5 jackals
  A quokka (D:2)
  5 bats
  4 frilled lizards
  A jackal skeleton (D:4)
  9 kobolds
  5 rats
77 creatures vanquished.

Notes
Turn   | Place    | Note
-------+----------+-------------------------------------------
     0 | D:1      | JustSomeDude the Demonspawn Fighter began the quest for the Orb.
     0 | D:1      | Reached XP level 1. HP: 18/18 MP: 1/1
   120 | D:1      | Gained mutation: When hurt, damage is shared between your health and your magic reserves. [demonic ancestry]
   120 | D:1      | Reached XP level 2. HP: 14/24 MP: 2/2
   681 | D:2      | Gained mutation: You regenerate magic rapidly. [demonic ancestry]
   681 | D:2      | Reached XP level 3. HP: 24/29 MP: 3/3
   794 | D:2      | Found a faded altar of an unknown god.
   830 | D:2      | Reached skill level 1 in Dodging
   855 | D:2      | Became a worshipper of Warmaster Okawaru
   855 | D:2      | Reached * piety under Okawaru
  1020 | D:2      | Gained mutation: You have a pair of small horns on your head. [demonic ancestry]
  1020 | D:2      | Reached XP level 4. HP: 34/35 MP: 4/4
  1471 | D:2      | Noticed Terence
  1482 | D:2      | Killed Terence
  1915 | D:3      | Gained mutation: You have a pair of horns on your head. [demonic ancestry]
  1915 | D:3      | Reached XP level 5. HP: 41/41 MP: 5/5
  2293 | D:4      | Killed from afar by an orc priest

Vault maps used:
D:1:      dpeg_arrival_oval, minmay_misc_feat_nine_boxes
D:2:      minmay_wonky_spiral, ecumenical_altar_1, first_bread, minivault_5,
          uniq_terence
D:3:      nicolae_underground_beach

Skill      XL: |  1  2  3 |
---------------+----------+-----
Polearms       | 2 |  2.9
Shields        | 3 |  3.9
Dodging        | 1 |  1.3
Armour         | 3 |  3.5
Fighting       | |  3.3

Action                   |  1- 3 |  4- 6 || total
-------------------------+-------+-------++-------
Melee: Trident           |   102 |   159 ||   261
       Spear             |   129 |       ||   129
       Headbutt          |       |    15 ||    15
  Use: Scroll            |     4 |       ||     4
       Potion            |       |     1 ||     1
 Stab: Distracted        |       |     1 ||     1
  Eat: Chunk             |     1 |     4 ||     5
Armor: Scale mail        |   102 |    54 ||   156
Dodge: Dodged            |    54 |    43 ||    97
Block: Shield            |    99 |    63 ||   162
